 Dungeon Crawl Stone Soup version 0.31.0-9-g3a7656b989 (webtiles) character file.

Game seed: 16438974896144403803

40567 qw the Spry (level 13, -7/66 HPs)
             Began as a Spriggan Hunter on Feb 3, 2024.
             Was the Champion of Okawaru.
             Mangled by a cane toad simulacrum (14 damage)
             ... on level 5 of the Lair of Beasts.
             The game lasted 00:04:40 (11628 turns).

qw the Spry (Spriggan Hunter)                      Turns: 11628, Time: 00:04:41

Health: -7/66      AC: 11    Str: 13    XL:     13   Next: 75%
Magic:  21/21      EV: 35    Int: 10    God:    Okawaru [******]
Gold:   1564       SH:  5    Dex: 24    Spells: 12/12 levels left

rFire   + . .        d - +6 arbalest (heavy)
rCold   . . .        (shield currently unavailable)
rNeg    + . .        c - +0 steam dragon scales
rPois   .            o - +2 hat "Putasuw" {rN+}
rElec   .            m - +0 cloak
rCorr   .            (gloves unavailable)
SInv    +            (boots unavailable)
Will    +++..        b - amulet of reflection
Stlth   ++           t - ring of protection from fire
HPRegen 0.31/turn    g - +6 ring of strength
MPRegen 0.17/turn

%: reflection
@: about to teleport, very quick
A: very small, no large weapons, unfitting armour, see invisible, speed 3,
iridescent scales 1, strong-willed 1, shaggy fur 1
a: Renounce Religion, Heroism, Finesse, Duel


You were on level 5 of the Lair of Beasts.
You worshipped Okawaru.
Okawaru was exalted by your worship.
You visited 3 branches of the dungeon, and saw 14 of its levels.
You also visited: Ossuary.

You collected 1564 gold pieces.


Innate Abilities, Weirdness & Mutations

You are very small and have problems with some larger weapons.
You are too small for most types of armour.
You have supernaturally acute eyesight. (SInv)
You cover ground extremely quickly. (Speed+++)
You are partially covered in iridescent scales. (AC +2)
You are strong-willed. (Will+)
You are covered in fur. (AC +1)


   Skills:
 + Level 6.7 Fighting
 - Level 16.0 Ranged Weapons
 - Level 2.0 Armour
 - Level 17.0 Dodging
 - Level 1.5 Stealth
 - Level 10.0 Invocations


You had 12 spell levels left.
You didn't know any spells.
Your spell library was empty.

Inventory:

Hand Weapons
 d - a +6 heavy arbalest (weapon)
Armour
 c - +0 steam dragon scales (worn)
 m - a +0 cloak (worn)
 o - the +2 hat "Putasuw" (worn) {rN+}
   (You acquired it on level 8 of the Dungeon)

   rN+:       It protects you from negative energy.
 p - the quicksilver dragon scales of the Boiling Point {rPois Will+ rCorr Str+3 Dex-2}
   (Okawaru gifted it to you on level 5 of the Lair of Beasts)

   Str+3:     It affects your strength (+3).
   Dex-2:     It affects your dexterity (-2).
   rPois:     It protects you from poison Will+: It increases your willpower.
   rCorr:     It protects you from acid and corrosion.
Jewellery
 b - an amulet of reflection (around neck)
 g - a +6 ring of strength (right hand)
 t - a ring of protection from fire (left hand)
 Y - a ring of resist corrosion
Wands
 h - a wand of paralysis (9)
 s - a wand of digging (6)
 v - a wand of roots (6)
Scrolls
 i - 7 scrolls of teleportation
Potions
 a - 4 potions of might
 e - 5 potions of enlightenment
 f - 3 potions of mutation
 j - a potion of cancellation
 k - 9 potions of curing
 l - a potion of heal wounds
 n - a potion of resistance
 q - 2 potions of haste {unknown}
 r - a potion of ambrosia {unknown}

Dungeon Overview and Level Annotations

Branches:
Dungeon (8/15)             Temple (1/1) D:4            Lair (5/5) D:8
 Shoals (0/4) Lair:2       Spider (0/4) Lair:3        Slime (0/5) Lair:4
Ossuary (visited)

Altars:
Ashenzari
Cheibriados
Dithmenos
Elyvilon
Fedhas
Gozag
Hepliaklqana
Kikubaaqudgha
Makhleb
Nemelex Xobeh
Okawaru
Qazlal
Ru
Sif Muna
Trog
Uskayaw
Vehumet
Wu Jian
Xom
Yredelemnul
Zin
The Shining One
Jiyva

Annotations:
D:6 exclusion: hound
Lair:5 1 runed translucent door


Message History

The dire elephant zombie completely misses you. x2
The dire elephant zombie tramples you!
You stumble backwards!
You shoot a bolt.
The bolt hits the dire elephant zombie!!!
The dire elephant zombie is moderately damaged.
The dire elephant zombie tramples you.
You stumble backwards!
You shoot a bolt.
The bolt hits the dire elephant zombie!!
The dire elephant zombie is heavily damaged.
The dire elephant zombie completely misses you.
The dire elephant zombie closely misses you.
You shoot a bolt.
The bolt hits the dire elephant zombie!!
The dire elephant zombie is severely damaged.
The cane toad simulacrum misses you. The dire elephant zombie tramples you!
You hold your ground!
The dire elephant zombie trunk-slaps you!
You shoot a bolt.
The bolt hits the dire elephant zombie but does no damage.
The dire elephant zombie is severely damaged.
You block the cane toad simulacrum's attack.
The dire elephant zombie barely misses you.
The dire elephant zombie misses you.
The cane toad simulacrum completely misses you.
The dire elephant zombie misses you.
The dire elephant zombie trunk-slaps you but does no damage.
You shoot a bolt.
The bolt hits the dire elephant zombie!!
The dire elephant zombie is almost destroyed.
The cane toad simulacrum completely misses you.
The dire elephant zombie tramples you!!
You hold your ground!
The dire elephant zombie closely misses you.
The cane toad simulacrum completely misses you.
11628 ||| READING 8 scrolls of teleportation.
As you read the scroll of teleportation, it crumbles to dust.
You feel strangely unstable. The dire elephant zombie misses you.
The dire elephant zombie closely misses you.
The cane toad simulacrum hits you!
You die...

#.........77###7P... ########
##.......########7P. ###.%!....
##......## ....# 77 #...#####8
##.......# ...# ####.###..###
#........# ..####....#.)..8##
##.......## #'#....####.....#8
##.......# 7##..)####..#....)#}
#.#.###.P7##7.ZZ#.#.....)....8#|
#####...7778..8@........##..P##8
##....77...###############
####..7787# ##.#7## #.#.# #####


You could see a cane toad simulacrum and a dire elephant zombie.

Vanquished Creatures
  5 hydras
  A catoblepas (Lair:3)
  A boulder beetle (Lair:5)
  3 death yaks (Lair:1)
  A skyshark (Lair:4)
  An orb spider (Lair:3)
  2 necromancers (Lair:5)
  A dire elephant zombie (Lair:5)
  16 elephants
  3 black mambas
  A torpor snail (Lair:3)
  7 cane toads
  7 rime drakes
  5 komodo dragons
  Maggie (D:6)
  3 polar bears
  4 dream sheep (Lair:3)
  16 blink frogs
  A snapping turtle (Lair:2)
  Prince Ribbit (D:5)
  5 slime creatures
  A water elemental (Lair:2)
  Eustachio (D:6)
  6 wyverns
  38 yaks
  Menkaure (D:5)
  4 steam dragons
  3 basilisks
  2 spectral cane toads (Lair:5)
  12 water moccasins
  Duvessa (D:5)
  2 orc warriors
  5 black bears
  2 ogres
  22 wolves
  A kobold brigand (D:8)
  10 bullfrogs
  Blork the orc (D:6)
  2 scorpions
  Dowan (D:5)
  3 killer bees (D:6)
  3 elephant simulacra (Lair:5)
  An electric eel (Lair:2)
  A bombardier beetle (D:6)
  2 human zombies (Ossuary)
  12 jellies
  5 orc priests
  7 hounds
  A gnoll bouda (D:5)
  Jessica (D:3)
  Ijyb (D:3)
  5 iguanas
  2 orc wizards
  5 hell rats (Lair:2)
  2 hound zombies (Ossuary)
  4 mummies (Ossuary)
  8 gnolls
  3 adders
  12 river rats (Lair:2)
  2 shadow imps
  3 white imps
  6 dart slugs
  2 ribbon worms
  16 orcs
  8 bats
  20 endoplasms
  2 giant cockroaches (D:1)
  A gnoll zombie (Ossuary)
  5 goblins
  2 hobgoblins
  6 jackals
  10 quokkas
  5 ball pythons
  4 frilled lizards
  A goblin zombie (Ossuary)
  2 hobgoblin zombies (Ossuary)
  A jackal zombie (Ossuary)
  14 kobolds
  A kobold zombie (Ossuary)
  An orc zombie (Ossuary)
  18 rats
  A rat zombie (Ossuary)
409 creatures vanquished.

Notes
Turn   | Place    | Note
-------+----------+-------------------------------------------
     0 | D:1      | qw the Spriggan Hunter began the quest for the Orb.
     0 | D:1      | Reached XP level 1. HP: 10/10 MP: 2/2
     0 | D:1      | 0 ||| qw: Version: 0.3-a-155-g5e7d8dd
     0 | D:1      | 0 ||| qw: Game counter: 2960
     0 | D:1      | 0 ||| qw: Melee chars always use a shield: true
     0 | D:1      | 0 ||| qw: God list: Okawaru
     0 | D:1      | 0 ||| qw: Allow faded altars: false
     0 | D:1      | 0 ||| qw: Do Orc after clearing Dungeon:15 true
     0 | D:1      | 0 ||| qw: Do second Lair branch before Depths: true
     0 | D:1      | 0 ||| qw: Lair rune preference: random
     0 | D:1      | 0 ||| qw: Goals: Normal
     0 | D:1      | 0 ||| PLANNING D:1-11
   155 | D:1      | Reached skill level 3 in Dodging
   205 | D:1      | Reached XP level 2. HP: 14/14 MP: 3/3
   225 | D:1      | Reached skill level 4 in Dodging
   715 | D:1      | Reached XP level 3. HP: 16/18 MP: 4/4
   744 | D:1      | 744 ||| READING scroll labelled BYTHRO TUFIWOAMN.
   745 | D:1      | 745 ||| READING scroll labelled UMIACRU CAOLETE.
   846 | D:1      | 846 ||| READING scroll labelled VEENULIRIA.
   847 | D:1      | 847 ||| DROPPING scroll of butterflies.
  1240 | D:2      | You fall into a shaft and drop 2 floors!
  1266 | D:4      | Reached XP level 4. HP: 15/22 MP: 5/5
  1394 | D:4      | Found a staircase to the Ecumenical Temple.
  1395 | D:4      | 1395 ||| PLANNING TEMPLE
  1395 | D:4      | 1395 ||| UPGRADING to amulet of reflection.
  1400 | D:4      | 1400 ||| READING scroll of identify.
  1400 | D:4      | 1400 ||| IDENTIFYING sapphire potion
  1401 | D:4      | 1401 ||| READING scroll labelled LOYNUD JOUC.
  1401 | D:4      | Identified a scroll of acquirement
  1401 | D:4      | 1401 ||| ACQUIRING +4 arbalest of freezing
  1401 | D:4      | Acquired a +4 arbalest of freezing
  1403 | D:4      | 1403 ||| SWAPPING to +4 arbalest of freezing.
  1404 | D:4      | 1404 ||| DROPPING +0 shortbow.
  1405 | D:4      | 1405 ||| READING scroll labelled RUTANT UMICI.
  1405 | D:4      | 1405 ||| ENCHANTING +4 arbalest of freezing.
  1406 | D:4      | 1406 ||| READING scroll labelled JEOVVA XECKOL.
  1407 | D:4      | 1407 ||| READING scroll labelled GIYSOIKKOM.
  1411 | D:4      | Noticed an ogre
  1413 | D:4      | Killed an ogre
  1414 | D:4      | Reached skill level 6 in Dodging
  1414 | D:4      | Reached XP level 5. HP: 25/25 MP: 6/6
  1417 | D:4      | 1417 ||| DRINKING 2 metallic puce potions.
  1417 | D:4      | Gained mutation: You are covered in fur. (AC +1) [potion of
                  | mutation]
  1417 | D:4      | Gained mutation: You are partially covered in iridescent
                  | scales. (AC +2) [potion of mutation]
  1417 | D:4      | Gained mutation: You are strong-willed. (Will+) [potion of
                  | mutation]
  1418 | D:4      | 1418 ||| DROPPING potion of magic.
  1419 | D:4      | 1419 ||| Stepping randomly (stuck).
  1420 | D:4      | 1420 ||| Stepping randomly (stuck).
  1421 | D:4      | 1421 ||| Stepping randomly (stuck).
  1422 | D:4      | 1422 ||| Stepping randomly (stuck).
  1423 | D:4      | 1423 ||| Stepping randomly (stuck).
  1424 | D:4      | 1424 ||| Stepping randomly (stuck).
  1425 | D:4      | 1425 ||| Stepping randomly (stuck).
  1426 | D:4      | 1426 ||| Stepping randomly (stuck).
  1427 | D:4      | 1427 ||| Stepping randomly (stuck).
  1428 | D:4      | 1428 ||| Stepping randomly (stuck).
  1429 | D:4      | 1429 ||| Stepping randomly (stuck).
  1430 | D:4      | 1430 ||| Stepping randomly (stuck).
  1431 | D:4      | 1431 ||| Stepping randomly (stuck).
  1432 | D:4      | 1432 ||| Stepping randomly (stuck).
  1433 | D:4      | 1433 ||| Stepping randomly (stuck).
  1434 | D:4      | 1434 ||| Stepping randomly (stuck).
  1435 | D:4      | 1435 ||| Stepping randomly (stuck).
  1442 | D:4      | 1442 ||| Stepping randomly (stuck).
  1443 | D:4      | 1443 ||| Stepping randomly (stuck).
  1444 | D:4      | 1444 ||| Stepping randomly (stuck).
  1445 | D:4      | 1445 ||| Stepping randomly (stuck).
  1446 | D:4      | 1446 ||| Stepping randomly (stuck).
  1447 | D:4      | 1447 ||| Stepping randomly (stuck).
  1448 | D:4      | 1448 ||| Stepping randomly (stuck).
  1449 | D:4      | 1449 ||| Stepping randomly (stuck).
  1450 | D:4      | 1450 ||| Stepping randomly (stuck).
  1451 | D:4      | 1451 ||| Stepping randomly (stuck).
  1452 | D:4      | 1452 ||| Stepping randomly (stuck).
  1453 | D:4      | 1453 ||| Stepping randomly (stuck).
  1454 | D:4      | 1454 ||| Stepping randomly (stuck).
  1455 | D:4      | 1455 ||| Stepping randomly (stuck).
  1456 | D:4      | 1456 ||| Stepping randomly (stuck).
  1457 | D:4      | 1457 ||| Stepping randomly (stuck).
  1458 | D:4      | 1458 ||| Stepping randomly (stuck).
  1459 | D:4      | 1459 ||| Stepping randomly (stuck).
  1460 | D:4      | 1460 ||| Stepping randomly (stuck).
  1461 | D:4      | 1461 ||| Stepping randomly (stuck).
  1462 | D:4      | 1462 ||| Stepping randomly (stuck).
  1463 | D:4      | 1463 ||| Stepping randomly (stuck).
  1464 | D:4      | 1464 ||| Stepping randomly (stuck).
  1465 | D:4      | 1465 ||| Stepping randomly (stuck).
  1466 | D:4      | 1466 ||| Stepping randomly (stuck).
  1467 | D:4      | 1467 ||| Stepping randomly (stuck).
  1468 | D:4      | 1468 ||| Stepping randomly (stuck).
  1469 | D:4      | 1469 ||| Stepping randomly (stuck).
  1470 | D:4      | 1470 ||| Stepping randomly (stuck).
  1471 | D:4      | 1471 ||| Stepping randomly (stuck).
  1472 | D:4      | 1472 ||| Stepping randomly (stuck).
  1473 | D:4      | 1473 ||| Stepping randomly (stuck).
  1474 | D:4      | 1474 ||| Stepping randomly (stuck).
  1475 | D:4      | 1475 ||| Stepping randomly (stuck).
  1476 | D:4      | 1476 ||| Stepping randomly (stuck).
  1477 | D:4      | 1477 ||| Stepping randomly (stuck).
  1479 | D:4      | 1479 ||| Stepping randomly (stuck).
  1480 | D:4      | 1480 ||| Stepping randomly (stuck).
  1481 | D:4      | 1481 ||| Stepping randomly (stuck).
  1482 | D:4      | 1482 ||| Stepping randomly (stuck).
  1483 | D:4      | 1483 ||| Stepping randomly (stuck).
  1484 | D:4      | 1484 ||| Stepping randomly (stuck).
  1485 | D:4      | 1485 ||| Stepping randomly (stuck).
  1486 | D:4      | 1486 ||| Stepping randomly (stuck).
  1487 | D:4      | 1487 ||| Stepping randomly (stuck).
  1488 | D:4      | 1488 ||| Stepping randomly (stuck).
  1489 | D:4      | 1489 ||| Stepping randomly (stuck).
  1490 | D:4      | 1490 ||| Stepping randomly (stuck).
  1491 | D:4      | 1491 ||| Stepping randomly (stuck).
  1492 | D:4      | 1492 ||| Stepping randomly (stuck).
  1493 | D:4      | 1493 ||| Stepping randomly (stuck).
  1494 | D:4      | 1494 ||| Stepping randomly (stuck).
  1495 | D:4      | 1495 ||| Stepping randomly (stuck).
  1496 | D:4      | 1496 ||| Stepping randomly (stuck).
  1497 | D:4      | 1497 ||| Stepping randomly (stuck).
  1498 | D:4      | 1498 ||| Stepping randomly (stuck).
  1499 | D:4      | 1499 ||| Stepping randomly (stuck).
  1500 | D:4      | 1500 ||| Stepping randomly (stuck).
  1501 | D:4      | 1501 ||| Stepping randomly (stuck).
  1502 | D:4      | 1502 ||| Stepping randomly (stuck).
  1503 | D:4      | 1503 ||| Stepping randomly (stuck).
  1504 | D:4      | 1504 ||| Stepping randomly (stuck).
  1505 | D:4      | 1505 ||| Stepping randomly (stuck).
  1506 | D:4      | 1506 ||| Stepping randomly (stuck).
  1507 | D:4      | 1507 ||| Stepping randomly (stuck).
  1508 | D:4      | 1508 ||| Stepping randomly (stuck).
  1509 | D:4      | 1509 ||| Stepping randomly (stuck).
  1510 | D:4      | 1510 ||| Stepping randomly (stuck).
  1511 | D:4      | 1511 ||| Stepping randomly (stuck).
  1512 | D:4      | 1512 ||| Stepping randomly (stuck).
  1513 | D:4      | 1513 ||| Stepping randomly (stuck).
  1514 | D:4      | 1514 ||| Stepping randomly (stuck).
  1515 | D:4      | 1515 ||| Stepping randomly (stuck).
  1516 | D:4      | 1516 ||| Stepping randomly (stuck).
  1517 | D:4      | 1517 ||| Stepping randomly (stuck).
  1518 | D:4      | 1518 ||| Stepping randomly (stuck).
  1519 | D:4      | 1519 ||| Stepping randomly (stuck).
  1520 | D:4      | 1520 ||| Stepping randomly (stuck).
  1521 | D:4      | 1521 ||| Stepping randomly (stuck).
  1522 | D:4      | 1522 ||| Stepping randomly (stuck).
  1523 | D:4      | 1523 ||| Stepping randomly (stuck).
  1524 | D:4      | 1524 ||| Stepping randomly (stuck).
  1525 | D:4      | 1525 ||| Stepping randomly (stuck).
  1526 | D:4      | 1526 ||| Stepping randomly (stuck).
  1527 | D:4      | 1527 ||| Stepping randomly (stuck).
  1528 | D:4      | 1528 ||| Stepping randomly (stuck).
  1529 | D:4      | 1529 ||| Stepping randomly (stuck).
  1530 | D:4      | 1530 ||| Stepping randomly (stuck).
  1531 | D:4      | 1531 ||| Stepping randomly (stuck).
  1532 | D:4      | 1532 ||| Stepping randomly (stuck).
  1533 | D:4      | 1533 ||| Stepping randomly (stuck).
  1534 | D:4      | 1534 ||| Stepping randomly (stuck).
  1535 | D:4      | 1535 ||| Stepping randomly (stuck).
  1536 | D:4      | 1536 ||| Stepping randomly (stuck).
  1537 | D:4      | 1537 ||| Stepping randomly (stuck).
  1538 | D:4      | 1538 ||| Stepping randomly (stuck).
  1539 | D:4      | 1539 ||| Stepping randomly (stuck).
  1540 | D:4      | 1540 ||| Stepping randomly (stuck).
  1541 | D:4      | 1541 ||| Stepping randomly (stuck).
  1542 | D:4      | 1542 ||| Stepping randomly (stuck).
  1543 | D:4      | 1543 ||| Stepping randomly (stuck).
  1544 | D:4      | 1544 ||| Stepping randomly (stuck).
  1545 | D:4      | 1545 ||| Stepping randomly (stuck).
  1546 | D:4      | 1546 ||| Stepping randomly (stuck).
  1547 | D:4      | 1547 ||| Stepping randomly (stuck).
  1548 | D:4      | 1548 ||| Stepping randomly (stuck).
  1549 | D:4      | 1549 ||| Stepping randomly (stuck).
  1550 | D:4      | 1550 ||| Stepping randomly (stuck).
  1551 | D:4      | 1551 ||| Stepping randomly (stuck).
  1552 | D:4      | 1552 ||| Stepping randomly (stuck).
  1553 | D:4      | 1553 ||| Stepping randomly (stuck).
  1554 | D:4      | 1554 ||| Stepping randomly (stuck).
  1555 | D:4      | 1555 ||| Stepping randomly (stuck).
  1556 | D:4      | 1556 ||| Stepping randomly (stuck).
  1557 | D:4      | 1557 ||| Stepping randomly (stuck).
  1558 | D:4      | 1558 ||| Stepping randomly (stuck).
  1559 | D:4      | 1559 ||| Stepping randomly (stuck).
  1560 | D:4      | 1560 ||| Stepping randomly (stuck).
  1561 | D:4      | 1561 ||| Stepping randomly (stuck).
  1562 | D:4      | 1562 ||| Stepping randomly (stuck).
  1563 | D:4      | 1563 ||| Stepping randomly (stuck).
  1564 | D:4      | 1564 ||| Stepping randomly (stuck).
  1565 | D:4      | 1565 ||| Stepping randomly (stuck).
  1566 | D:4      | 1566 ||| Stepping randomly (stuck).
  1567 | D:4      | 1567 ||| Stepping randomly (stuck).
  1568 | D:4      | 1568 ||| Stepping randomly (stuck).
  1569 | D:4      | 1569 ||| Stepping randomly (stuck).
  1570 | D:4      | 1570 ||| Stepping randomly (stuck).
  1571 | D:4      | 1571 ||| Stepping randomly (stuck).
  1572 | D:4      | 1572 ||| Stepping randomly (stuck).
  1573 | D:4      | 1573 ||| Stepping randomly (stuck).
  1574 | D:4      | 1574 ||| Stepping randomly (stuck).
  1575 | D:4      | 1575 ||| Stepping randomly (stuck).
  1576 | D:4      | 1576 ||| Stepping randomly (stuck).
  1577 | D:4      | 1577 ||| Stepping randomly (stuck).
  1578 | D:4      | 1578 ||| Stepping randomly (stuck).
  1579 | D:4      | 1579 ||| Stepping randomly (stuck).
  1580 | D:4      | 1580 ||| Stepping randomly (stuck).
  1581 | D:4      | 1581 ||| Stepping randomly (stuck).
  1582 | D:4      | 1582 ||| Stepping randomly (stuck).
  1583 | D:4      | 1583 ||| Stepping randomly (stuck).
  1584 | D:4      | 1584 ||| Stepping randomly (stuck).
  1585 | D:4      | 1585 ||| Stepping randomly (stuck).
  1586 | D:4      | 1586 ||| Stepping randomly (stuck).
  1587 | D:4      | 1587 ||| Stepping randomly (stuck).
  1588 | D:4      | 1588 ||| Stepping randomly (stuck).
  1589 | D:4      | 1589 ||| Stepping randomly (stuck).
  1590 | D:4      | 1590 ||| Stepping randomly (stuck).
  1591 | D:4      | 1591 ||| Stepping randomly (stuck).
  1592 | D:4      | 1592 ||| Stepping randomly (stuck).
  1676 | D:4      | Reached XP level 6. HP: 32/32 MP: 7/7
  1735 | D:4      | Found a glowing golden altar of the Shining One.
  1736 | D:4      | 1736 ||| READING 2 scrolls of identify.
  1736 | D:4      | 1736 ||| IDENTIFYING smoky cyan potion
  1737 | D:4      | 1737 ||| READING scroll of identify.
  1737 | D:4      | 1737 ||| IDENTIFYING 2 viscous golden potions
  1785 | Temple   | Entered the Ecumenical Temple
  1786 | Temple   | 1786 ||| PLANNING OKAWARU WORSHIP
  1786 | Temple   | 1786 ||| READING scroll labelled IZUOTS PEIMYE.
  1798 | Temple   | Became a worshipper of Warmaster Okawaru
  1799 | Temple   | 1799 ||| PLANNING D:1-11
  1861 | D:3      | Noticed Jessica
  1862 | D:3      | Killed Jessica
  1925 | D:3      | Noticed Ijyb
  1931 | D:3      | Killed Ijyb
  2051 | D:3      | 2051 ||| READING scroll of identify.
  2051 | D:3      | 2051 ||| IDENTIFYING bubbling red potion
  2057 | D:3      | 2057 ||| FLEEEEING.
  2058 | D:3      | 2058 ||| STAIRDANCE
  2599 | D:3      | 2599 ||| READING 2 scrolls of identify.
  2599 | D:3      | 2599 ||| IDENTIFYING sedimented black potion
  2600 | D:3      | 2600 ||| READING scroll of identify.
  2600 | D:3      | 2600 ||| IDENTIFYING bubbling puce potion
  2601 | D:3      | 2601 ||| DROPPING potion of lignification.
  2691 | D:4      | Found a shimmering altar of Xom.
  2780 | D:4      | Reached skill level 6 in Ranged Weapons
  2827 | D:5      | Entered Level 5 of the Dungeon
  2925 | D:5      | Noticed Duvessa
  2925 | D:5      | Noticed Dowan
  2929 | D:5      | Killed Duvessa
  2930 | D:5      | Reached XP level 7. HP: 35/35 MP: 8/8
  2931 | D:5      | Killed Dowan
  2940 | D:5      | Noticed Menkaure
  2941 | D:5      | 2941 ||| ZAPPING wand of paralysis (2) at -6,4 (Menkaure;
                  | floor).
  2943 | D:5      | Killed Menkaure
  2943 | D:5      | Reached * piety under Okawaru
  2943 | D:5      | Noticed Prince Ribbit
  2944 | D:5      | Reached skill level 7 in Dodging
  2952 | D:5      | 2952 ||| INVOKING Heroism.
  2954 | D:5      | Killed Prince Ribbit
  3028 | D:5      | Reached XP level 8. HP: 39/39 MP: 10/10
  3150 | D:5      | Reached skill level 3 in Invocations
  3182 | D:5      | Found a white marble altar of Elyvilon.
  3329 | D:5      | Reached ** piety under Okawaru
  3573 | D:5      | 3573 ||| UPGRADING to +2 robe of positive energy.
  3583 | D:5      | 3583 ||| DROPPING +0 robe.
  3584 | D:5      | 3584 ||| READING scroll labelled ISHENILESK.
  3638 | D:6      | Noticed Blork the orc
  3640 | D:6      | Killed Blork the orc
  3641 | D:6      | Reached skill level 8 in Dodging
  3666 | D:6      | Reached skill level 3 in Fighting
  3771 | D:6      | Noticed Eustachio
  3780 | D:6      | 3780 ||| RETREEEEATING.
  3783 | D:6      | Killed Eustachio
  3806 | D:6      | Noticed Maggie
  3807 | D:6      | 3807 ||| INVOKING Heroism.
  3811 | D:6      | Killed Maggie
  3812 | D:6      | Reached skill level 9 in Ranged Weapons
  4014 | D:6      | Reached XP level 9. HP: 44/44 MP: 13/13
  4206 | D:6      | Reached skill level 9 in Dodging
  4240 | D:6      | 4240 ||| UPGRADING to +0 steam dragon scales.
  4250 | D:6      | 4250 ||| DROPPING +2 robe of positive energy.
  4251 | D:6      | 4251 ||| UPGRADING to ring of resist corrosion.
  4252 | D:6      | 4252 ||| READING 2 scrolls of identify.
  4252 | D:6      | 4252 ||| IDENTIFYING bubbling brown potion
  4253 | D:6      | 4253 ||| READING scroll of identify.
  4253 | D:6      | 4253 ||| IDENTIFYING lumpy coppery potion
  4254 | D:6      | 4254 ||| DROPPING wand of flame (22).
  4477 | D:6      | Found an ornate altar of the Wu Jian Council.
  4578 | D:7      | 4578 ||| PLANNING OSSUARY
  4616 | D:7      | Reached *** piety under Okawaru
  4617 | D:7      | Reached skill level 10 in Dodging
  4620 | D:7      | 4620 ||| INVOKING Heroism.
  4626 | D:7      | Killed a large slime creature
  4629 | D:7      | Reached skill level 1 in Armour
  4917 | D:7      | Reached skill level 11 in Dodging
  5076 | D:7      | Found a sand-covered staircase.
  5077 | D:7      | 5077 ||| READING scroll of identify.
  5077 | D:7      | 5077 ||| IDENTIFYING scroll labelled LUK NUM REVE
  5078 | D:7      | 5078 ||| READING scroll of brand weapon.
  5078 | D:7      | 5078 ||| BRANDING +5 arbalest of freezing.
  5084 | Ossuary  | Entered an ossuary
  5240 | Ossuary  | 5240 ||| READING 2 scrolls of identify.
  5240 | Ossuary  | 5240 ||| IDENTIFYING bubbling orange potion
  5241 | Ossuary  | 5241 ||| READING scroll of identify.
  5241 | Ossuary  | 5241 ||| IDENTIFYING brown potion
  5242 | Ossuary  | 5242 ||| READING scroll labelled OCAMAETUTZ.
  5243 | Ossuary  | 5243 ||| DROPPING potion of invisibility.
  5244 | Ossuary  | 5244 ||| DROPPING potion of degeneration.
  5260 | D:7      | 5260 ||| PLANNING D:1-11
  5415 | D:7      | 5415 ||| UPGRADING to +6 ring of strength.
  5564 | D:8      | 5564 ||| RETREEEEATING.
  5564 | D:8      | Found a staircase to the Lair.
  5565 | D:8      | 5565 ||| INVOKING Heroism.
  5567 | D:8      | Reached XP level 10. HP: 49/49 MP: 11/14
  5570 | D:8      | Reached **** piety under Okawaru
  5571 | D:8      | 5571 ||| RETREEEEATING.
  5580 | D:8      | 5580 ||| RETREEEEATING.
  5774 | D:8      | 5774 ||| READING scroll of acquirement.
  5774 | D:8      | 5774 ||| ACQUIRING +2 hat "Putasuw" {rN+}
  5774 | D:8      | Acquired the +2 hat "Putasuw" {rN+}
  5776 | D:8      | 5776 ||| UPGRADING to +0 cloak.
  5781 | D:8      | 5781 ||| UPGRADING to +2 hat "Putasuw" {rN+}.
  6038 | D:8      | 6038 ||| PLANNING LAIR
  6045 | D:8      | Reached skill level 12 in Dodging
  6081 | Lair:1   | Entered Level 1 of the Lair of Beasts
  6086 | Lair:1   | Noticed a death yak
  6086 | Lair:1   | Noticed a death yak
  6087 | Lair:1   | 6087 ||| INVOKING Finesse.
  6087 | Lair:1   | Noticed a death yak
  6088 | Lair:1   | 6088 ||| INVOKING Finesse.
  6098 | Lair:1   | Killed a death yak
  6099 | Lair:1   | Reached skill level 6 in Invocations
  6100 | Lair:1   | Killed a death yak
  6108 | Lair:1   | Killed a death yak
  6114 | Lair:1   | 6114 ||| FLEEEEING.
  6115 | Lair:1   | 6115 ||| FLEEEEING.
  6116 | Lair:1   | 6116 ||| STAIRDANCE
  6216 | Lair:1   | 6216 ||| STAIRDANCE
  6220 | D:8      | Reached XP level 11. HP: 52/53 MP: 17/17
  6220 | D:8      | Reached ***** piety under Okawaru
  6221 | D:8      | Reached skill level 12 in Ranged Weapons
  6223 | Lair:1   | 6223 ||| STAIRDANCE
  6309 | Lair:1   | 6309 ||| RETREEEEATING.
  6311 | Lair:1   | 6311 ||| RETREEEEATING.
  6313 | Lair:1   | 6313 ||| RETREEEEATING.
  6502 | Lair:1   | Reached skill level 13 in Dodging
  6596 | Lair:1   | 6596 ||| RETREEEEATING.
  6598 | Lair:1   | 6598 ||| RETREEEEATING.
  6600 | Lair:1   | 6600 ||| RETREEEEATING.
  6602 | Lair:1   | 6602 ||| RETREEEEATING.
  6604 | Lair:1   | 6604 ||| RETREEEEATING.
  6606 | Lair:1   | 6606 ||| RETREEEEATING.
  6608 | Lair:1   | 6608 ||| RETREEEEATING.
  6609 | Lair:1   | 6609 ||| RETREEEEATING.
  6619 | Lair:1   | Reached skill level 9 in Invocations
  6845 | Lair:1   | 6845 ||| INVOKING Finesse.
  6853 | Lair:1   | Received a gift from Okawaru
  7000 | Lair:1   | 7000 ||| INVOKING Finesse.
  7001 | Lair:1   | 7001 ||| INVOKING Finesse.
  7002 | Lair:1   | 7002 ||| INVOKING Heroism.
  7145 | Lair:1   | 7145 ||| DROPPING amulet of the acrobat.
  7146 | Lair:1   | 7146 ||| READING scroll labelled TEFECSENEUZY.
  7547 | Lair:2   | Noticed a six-headed hydra
  7552 | Lair:2   | 7552 ||| INVOKING Finesse.
  7558 | Lair:2   | HP: 10/55 [six-headed hydra (7)]
  7559 | Lair:2   | 7559 ||| READING 10 scrolls of teleportation.
  7560 | Lair:2   | 7560 ||| DRINKING 3 potions of heal wounds.
  7561 | Lair:2   | Killed a six-headed hydra
  7676 | Lair:2   | 7676 ||| READING scroll of enchant weapon.
  7676 | Lair:2   | 7676 ||| ENCHANTING +5 heavy arbalest.
  7716 | Lair:2   | Noticed a seven-headed hydra
  7717 | Lair:2   | 7717 ||| INVOKING Finesse.
  7722 | Lair:2   | Killed a seven-headed hydra
  7723 | Lair:2   | Reached XP level 12. HP: 60/60 MP: 15/20
  8056 | Lair:2   | Found a staircase to the Shoals.
  8483 | Lair:3   | Noticed a catoblepas
  8484 | Lair:3   | 8484 ||| INVOKING Finesse.
  8490 | Lair:3   | Killed a catoblepas
  8551 | Lair:3   | 8551 ||| RETREEEEATING.
  8552 | Lair:3   | 8552 ||| RETREEEEATING.
  8553 | Lair:3   | 8553 ||| INVOKING Finesse.
  8556 | Lair:3   | Reached skill level 14 in Dodging
  8611 | Lair:3   | 8611 ||| RETREEEEATING.
  8612 | Lair:3   | 8612 ||| RETREEEEATING.
  8613 | Lair:3   | 8613 ||| RETREEEEATING.
  8614 | Lair:3   | 8614 ||| RETREEEEATING.
  8621 | Lair:3   | Received a gift from Okawaru
  8738 | Lair:3   | Noticed a four-headed hydra
  8739 | Lair:3   | 8739 ||| INVOKING Finesse.
  8743 | Lair:3   | Killed a four-headed hydra
  8751 | Lair:3   | Reached skill level 15 in Dodging
  8788 | Lair:3   | Noticed an eight-headed hydra
  8790 | Lair:3   | 8790 ||| INVOKING Finesse.
  8793 | Lair:3   | Killed an eight-headed hydra
  8914 | Lair:3   | Reached skill level 6 in Fighting
  9015 | Lair:3   | Received a gift from Okawaru
  9021 | Lair:3   | 9021 ||| RETREEEEATING.
  9022 | Lair:3   | 9022 ||| RETREEEEATING.
  9023 | Lair:3   | 9023 ||| RETREEEEATING.
  9024 | Lair:3   | 9024 ||| RETREEEEATING.
  9025 | Lair:3   | 9025 ||| RETREEEEATING.
  9026 | Lair:3   | 9026 ||| RETREEEEATING.
  9027 | Lair:3   | 9027 ||| RETREEEEATING.
  9030 | Lair:3   | 9030 ||| RETREEEEATING.
  9031 | Lair:3   | 9031 ||| RETREEEEATING.
  9032 | Lair:3   | 9032 ||| RETREEEEATING.
  9034 | Lair:3   | 9034 ||| RETREEEEATING.
  9035 | Lair:3   | 9035 ||| RETREEEEATING.
  9037 | Lair:3   | 9037 ||| RETREEEEATING.
  9038 | Lair:3   | 9038 ||| RETREEEEATING.
  9039 | Lair:3   | 9039 ||| RETREEEEATING.
  9040 | Lair:3   | 9040 ||| RETREEEEATING.
  9041 | Lair:3   | 9041 ||| RETREEEEATING.
  9042 | Lair:3   | 9042 ||| RETREEEEATING.
  9043 | Lair:3   | 9043 ||| RETREEEEATING.
  9044 | Lair:3   | 9044 ||| RETREEEEATING.
  9045 | Lair:3   | 9045 ||| RETREEEEATING.
  9046 | Lair:3   | 9046 ||| RETREEEEATING.
  9047 | Lair:3   | 9047 ||| RETREEEEATING.
  9048 | Lair:3   | 9048 ||| RETREEEEATING.
  9049 | Lair:3   | 9049 ||| RETREEEEATING.
  9050 | Lair:3   | 9050 ||| RETREEEEATING.
  9052 | Lair:3   | 9052 ||| RETREEEEATING.
  9053 | Lair:3   | 9053 ||| RETREEEEATING.
  9054 | Lair:3   | 9054 ||| RETREEEEATING.
  9055 | Lair:3   | 9055 ||| RETREEEEATING.
  9056 | Lair:3   | 9056 ||| RETREEEEATING.
  9059 | Lair:3   | 9059 ||| RETREEEEATING.
  9060 | Lair:3   | 9060 ||| RETREEEEATING.
  9061 | Lair:3   | 9061 ||| RETREEEEATING.
  9069 | Lair:3   | HP: 11/61 [elephant (6)]
  9070 | Lair:3   | 9070 ||| READING 9 scrolls of teleportation.
  9071 | Lair:3   | 9071 ||| DRINKING 2 potions of heal wounds.
  9244 | Lair:3   | 9244 ||| RETREEEEATING.
  9248 | Lair:3   | Reached XP level 13. HP: 65/65 MP: 21/21
  9291 | Lair:3   | Found a hole to the Spider Nest.
  9297 | Lair:3   | Reached skill level 15 in Ranged Weapons
  9297 | Lair:3   | 9297 ||| DROPPING +6 ring of intelligence.
  9610 | Lair:3   | 9610 ||| READING scroll labelled MINNON BAIMM.
 10004 | Lair:4   | Found a staircase to the Slime Pits.
 10004 | Lair:4   | Found a viscous altar of Jiyva.
 10091 | Lair:4   | 10091 ||| RETREEEEATING.
 10102 | Lair:4   | 10102 ||| INVOKING Finesse.
 10112 | Lair:4   | Reached skill level 16 in Dodging
 10115 | Lair:4   | Received a gift from Okawaru
 10611 | Lair:5   | Entered Level 5 of the Lair of Beasts
 10614 | Lair:5   | 10614 ||| STAIRDANCE
 10648 | Lair:5   | 10648 ||| READING scroll of acquirement.
 10648 | Lair:5   | 10648 ||| ACQUIRING 745 gold pieces
 10648 | Lair:5   | Acquired 745 gold pieces
 10842 | Lair:5   | 10842 ||| RETREEEEATING.
 10847 | Lair:5   | 10847 ||| RETREEEEATING.
 10848 | Lair:5   | 10848 ||| RETREEEEATING.
 10849 | Lair:5   | 10849 ||| RETREEEEATING.
 10850 | Lair:5   | 10850 ||| RETREEEEATING.
 10851 | Lair:5   | 10851 ||| RETREEEEATING.
 10852 | Lair:5   | 10852 ||| RETREEEEATING.
 10853 | Lair:5   | 10853 ||| RETREEEEATING.
 10854 | Lair:5   | 10854 ||| RETREEEEATING.
 10856 | Lair:5   | 10856 ||| RETREEEEATING.
 10859 | Lair:5   | 10859 ||| RETREEEEATING.
 10860 | Lair:5   | 10860 ||| RETREEEEATING.
 10861 | Lair:5   | 10861 ||| RETREEEEATING.
 10901 | Lair:5   | Found a runed translucent door.
 11155 | Lair:5   | 11155 ||| RETREEEEATING.
 11162 | Lair:5   | 11162 ||| RETREEEEATING.
 11163 | Lair:5   | 11163 ||| RETREEEEATING.
 11164 | Lair:5   | 11164 ||| RETREEEEATING.
 11165 | Lair:5   | 11165 ||| RETREEEEATING.
 11166 | Lair:5   | 11166 ||| RETREEEEATING.
 11167 | Lair:5   | 11167 ||| RETREEEEATING.
 11171 | Lair:5   | Received a gift from Okawaru
 11319 | Lair:5   | Noticed a dire elephant
 11358 | Lair:5   | Reached skill level 17 in Dodging
 11435 | Lair:5   | 11435 ||| RETREEEEATING.
 11436 | Lair:5   | 11436 ||| RETREEEEATING.
 11437 | Lair:5   | 11437 ||| RETREEEEATING.
 11438 | Lair:5   | 11438 ||| RETREEEEATING.
 11439 | Lair:5   | 11439 ||| RETREEEEATING.
 11440 | Lair:5   | 11440 ||| RETREEEEATING.
 11441 | Lair:5   | 11441 ||| RETREEEEATING.
 11442 | Lair:5   | 11442 ||| RETREEEEATING.
 11443 | Lair:5   | 11443 ||| RETREEEEATING.
 11444 | Lair:5   | 11444 ||| RETREEEEATING.
 11445 | Lair:5   | 11445 ||| RETREEEEATING.
 11446 | Lair:5   | 11446 ||| RETREEEEATING.
 11447 | Lair:5   | 11447 ||| RETREEEEATING.
 11448 | Lair:5   | 11448 ||| RETREEEEATING.
 11449 | Lair:5   | 11449 ||| RETREEEEATING.
 11450 | Lair:5   | 11450 ||| FLEEEEING.
 11451 | Lair:5   | 11451 ||| FLEEEEING.
 11453 | Lair:5   | 11453 ||| FLEEEEING.
 11456 | Lair:5   | 11456 ||| RETREEEEATING.
 11457 | Lair:5   | 11457 ||| RETREEEEATING.
 11458 | Lair:5   | 11458 ||| RETREEEEATING.
 11459 | Lair:5   | 11459 ||| FLEEEEING.
 11460 | Lair:5   | 11460 ||| FLEEEEING.
 11461 | Lair:5   | 11461 ||| FLEEEEING.
 11462 | Lair:5   | 11462 ||| FLEEEEING.
 11464 | Lair:5   | 11464 ||| RETREEEEATING.
 11565 | Lair:5   | 11565 ||| UPGRADING to ring of protection from fire.
 11567 | Lair:5   | 11567 ||| READING scroll of identify.
 11567 | Lair:5   | 11567 ||| IDENTIFYING coppery potion
 11568 | Lair:5   | 11568 ||| DROPPING potion of brilliance.
 11588 | Lair:5   | Reached ****** piety under Okawaru
 11589 | Lair:5   | 11589 ||| INVOKING Receive Weapon.
 11589 | Lair:5   | 11589 ||| ACQUIRING +8 orcbow of Okawaru's Whim {antimagic,
                  | Str+2}
 11589 | Lair:5   | Acquired the +8 orcbow of Okawaru's Whim {antimagic, Str+2}
 11589 | Lair:5   | Received a gift from Okawaru
 11590 | Lair:5   | 11590 ||| INVOKING Receive Armour.
 11590 | Lair:5   | 11590 ||| ACQUIRING quicksilver dragon scales of the
                  | Boiling Point {rPois Will+ rCorr Str+3 Dex-2}
 11590 | Lair:5   | Acquired the quicksilver dragon scales of the Boiling Point
                  | {rPois Will+ rCorr Str+3 Dex-2}
 11590 | Lair:5   | Received a gift from Okawaru
 11627 | Lair:5   | HP: 7/66 [dire elephant zombie (25)]
 11628 | Lair:5   | 11628 ||| READING 8 scrolls of teleportation.
 11628 | Lair:5   | Mangled by a cane toad simulacrum

Levels and vault maps discovered:
D:1:      matt_arrival_diagonals, layout_basic
D:2:      layout_rooms, lexackson_kobold_supper
D:3:      layout_loops_cross, uniq_ijyb, uniq_jessica
D:4:      layout_rooms, tso_oasis_becter, nicolae_overflow_hidden_temple,
          minmay_temple_entry_fiery, minmay_misc_feat_four_crosses
D:5:      layout_basic, elyvilon_altar_5, uniq_prince_ribbit1, uniq_menkaure,
          uniq_duvessa
D:6:      layout_basic, marbit_many_paths, grunt_ministairs_15,
          small_statue_alley_b, uniq_blork_the_orc, uniq_eustachio, uniq_maggie
D:7:      layout_cave_pools, nicolae_ossuary_entry_plus, serial_bayou_crossing
D:8:      layout_basic, minmay_lair_entry_grove
Temple:   compressed_dpeg_circular_temple
Lair:1:   lemuel_slime, layout_gridlike, infiniplex_staircase_pool_2
Lair:2:   lemuel_ratsnest, layout_cave_pods, minmay_shoals_entry_hut,
          serial_bayou_shore_a
Lair:3:   layout_regular_city, nicolae_spider_entry_orb_guardian,
          chequers_serial_rivers_small_b, grunt_forest_small_clearings
Lair:4:   layout_concentric_octagons, slime_entry_1, st_stairs_13,
          lemuel_fruit_fields
Lair:5:   due_jungle_book, layout_regular_city, ebering_ghost_xom,
          minmay_lair_drake_nest

Skill      XL: |  1  2  3  4  5  6  7  8  9 10 11 12 13 |
---------------+----------------------------------------+-----
Dodging        | 3 4 6 7 8 11 12 13 15 17 | 17.0
Ranged Weapons | 5 6 7 9 10 11 13 14 16 | 16.0
Fighting       | 2 3 4 5 6 |  6.7
Invocations    | 2 4 7 10 | 10.0
Armour         | 1 2 |  2.0
Stealth        | |  1.5

Action                     |  1- 3 |  4- 6 |  7- 9 | 10-12 | 13-15 || total
---------------------------+-------+-------+-------+-------+-------++-------
   Fire: Shortbow          |   106 |    12 |       |       |       ||   118
         Arbalest          |       |    77 |   193 |   396 |   195 ||   861
 Invoke: Heroism           |       |       |     4 |     1 |       ||     5
         Finesse           |       |       |       |     9 |     1 ||    10
         Receive Weapon    |       |       |       |       |     1 ||     1
         Receive Armour    |       |       |       |       |     1 ||     1
  Evoke: Wand              |       |       |     1 |       |       ||     1
    Use: Scroll            |     3 |    11 |     8 |     5 |     4 ||    31
         Potion            |       |     1 |       |     2 |       ||     3
 Armour: Robe              |    13 |     5 |     6 |       |       ||    24
         Steam dragon scal |       |       |    45 |    81 |    43 ||   169
  Dodge: Dodged            |    41 |    27 |   250 |   395 |   162 ||   875
  Block: Other             |       |     3 |    26 |    67 |    32 ||   128
         Reflection        |       |       |       |       |     1 ||     1

Table legend:
 A = Non-vault XP
 B = Vault XP
 C = Vault XP percentage of total XP
 D = Non-vault monster count
 E = Vault monster count
 F = Vault count percentage of total count
                 A         B        C        D         E       F
            +---------+---------+-------+---------+---------+-------
      Total |   44485 |   13468 |  23.2 |     280 |     129 |  31.5
            +---------+---------+-------+---------+---------+-------
        D:1 |      41 |       0 |   0.0 |      22 |       0 |   0.0
        D:2 |      29 |      10 |  25.6 |      12 |       8 |  40.0
        D:3 |      53 |      73 |  57.9 |      18 |       2 |  10.0
        D:4 |     333 |       0 |   0.0 |      15 |       0 |   0.0
        D:5 |     659 |     650 |  49.7 |      17 |       4 |  19.0
        D:6 |     585 |     790 |  57.5 |      16 |       6 |  27.3
        D:7 |    1746 |       0 |   0.0 |      17 |       0 |   0.0
        D:8 |    1649 |    1696 |  50.7 |      24 |      11 |  31.4
     Lair:1 |    8378 |     708 |   7.8 |      37 |      25 |  40.3
     Lair:2 |    3875 |    2024 |  34.3 |      12 |      38 |  76.0
     Lair:3 |   15711 |     737 |   4.5 |      45 |       1 |   2.2
     Lair:4 |    5437 |     367 |   6.3 |      21 |       1 |   4.5
     Lair:5 |    5989 |    6202 |  50.9 |      24 |      17 |  41.5
    Ossuary |       0 |     211 | 100.0 |       0 |      16 | 100.0
            +---------+---------+-------+---------+---------+-------
